 Dungeon Crawl Stone Soup version 0.25-a0-246-g58704a1ebd (webtiles) character file.

Game seed: 9342484736766419276, levelgen mode: deterministic

112 Jerej03 the Ducker (level 4, -1/23 HPs)
             Began as a Spriggan Abyssal Knight on Dec 3, 2019.
             Was a Believer of Lugonu.
             Blown up by Ijyb (10 damage)
             ... with a disintegration bolt
             ... on level 3 of the Dungeon.
             The game lasted 00:13:29 (1948 turns).

Jerej03 the Ducker (Spriggan Abyssal Knight)        Turns: 1948, Time: 00:13:30

Health: -1/23      AC:  2    Str:  9    XL:     4   Next: 63%
Magic:  6/6        EV: 20    Int: 13    God:    Lugonu [**....]
Gold:   108        SH:  0    Dex: 15    Spells: 3/3 levels left

rFire    . . .     SeeInvis +   a - +1 short sword
rCold    . . .     Gourm    .   (shield restricted)
rNeg     . . .     Faith    .   b - +0 robe
rPois    .         Spirit   .   (helmet restricted)
rElec    .         Reflect  .   (no cloak)
rCorr    .         Harm     .   (gloves unavailable)
MR       .....                  (boots unavailable)
Stlth    ++........             (no amulet)
HPRegen  0.07/turn              e - +1 ring of slaying
MPRegen  0.10/turn              (no ring)

@: very quick
A: very small, unfitting armour, see invisible, herbivore, speed 3, slow
metabolism 2
a: Depart the Abyss, Bend Space, Renounce Religion


You were on level 3 of the Dungeon.
You worshipped Lugonu.
Lugonu was pleased with you.
You were not hungry.

You visited 1 branch of the dungeon, and saw 3 of its levels.
You visited the Abyss 1 time.

You collected 108 gold pieces.

Inventory:

Hand Weapons
 a - a +1 short sword (weapon)
Armour
 b - a +0 robe (worn)
 h - a +2 leather armour of cold resistance
 j - a +0 scale mail
Jewellery
 e - a +1 ring of slaying (left hand)
Scrolls
 d - a scroll of fog {unknown}
 i - a scroll of teleportation {unknown}
 l - a scroll of identify {unknown}
 n - a scroll of magic mapping {unknown}
Potions
 f - 3 potions of curing
Comestibles
 c - 9 rations


   Skills:
 + Level 2.9 Fighting
 * Level 4.2 Short Blades
 + Level 4.8 Dodging
 + Level 0.4 Stealth
 + Level 1.8 Invocations


You had 3 spell levels left.
You didn't know any spells.
Your spell library was empty.

Dungeon Overview and Level Annotations

Branches:
Dungeon (3/15)

Altars:
Trog

Annotations:
D:3 Ijyb


Innate Abilities, Weirdness & Mutations

You are very small and have problems with some larger weapons.
You are too small for most types of armour.
You have supernaturally acute eyesight. (SInv)
You are a herbivore.
You cover ground extremely quickly.
You need to consume almost no food.


Message History

You kill the rat!
Lugonu accepts your kill. The bat hits you but does no damage.
You hit the bat.
You kill the bat!
Lugonu accepts your kill.
You closely miss the orc. The orc closely misses you.
You hit the orc.
The orc is moderately wounded.
The orc barely misses you.
You hit the orc.
The orc is severely wounded.
The orc completely misses you.
You hit the orc.
You kill the orc!
Lugonu accepts your kill.
You see here a +0 club.
You hit Ijyb but do no damage. Ijyb hits you with a +0 dagger.
You hit Ijyb but do no damage.
Ijyb zaps a wand.
You are blasted!
You die...

#..# ######.##
.........######
...........†..#
##(####...###.#
# #...# #.#
#...# #.# #...#
#)#
####...###@#
...g....##g##
##.#.g..g.#
#J..o##..#
........##..#
####..#o#...#
....#.#..##
..........#
.##.. #.#.##


You could see Ijyb and a hobgoblin.

Vanquished Creatures
  Natasha (D:2)
  An adder (D:2)
  2 worms (D:2)
  3 dart slugs
  A leopard gecko (D:2)
  2 orcs
  3 giant cockroaches
  4 goblins
  11 hobgoblins
  4 jackals (D:1)
  8 kobolds
  A ball python (D:2)
  10 bats
  2 frilled lizards (D:2)
  6 rats
59 creatures vanquished.

Notes
Turn   | Place    | Note
-------+----------+-------------------------------------------
     0 | Abyss:1  | Jerej03 the Spriggan Abyssal Knight began the quest for the
                  | Orb.
     0 | Abyss:1  | Reached XP level 1. HP: 11/11 MP: 3/3
    33 | Abyss:1  | Found an opulent altar of Gozag.
    61 | Abyss:1  | Noticed a small abomination
    62 | D:1      | Escaped the Abyss
   198 | D:1      | Reached * piety under Lugonu
   254 | D:1      | Reached XP level 2. HP: 8/16 MP: 4/4
   640 | D:1      | Reached XP level 3. HP: 15/19 MP: 5/5
  1204 | D:2      | Found a bloodstained altar of Trog.
  1279 | D:2      | Reached XP level 4. HP: 14/23 MP: 6/6
  1346 | D:2      | Reached ** piety under Lugonu
  1516 | D:2      | Noticed Natasha
  1536 | D:2      | Killed Natasha
  1919 | D:3      | Noticed Ijyb
  1948 | D:3      | Blown up by Ijyb

Levels and vault maps discovered:
D:1:      scummos_arrival_simple_fountains, layout_basic
D:2:      layout_loops_cross, old_standard_altar, uniq_natasha
D:3:      lemuel_castle_with_subvaults [lemuel_castle_interior_carwin_3],
          layout_loops_ring, chequers_ecumenical_altar_twisty,
          small_statue_intersection, uniq_ijyb

Skill      XL: |  1  2  3  4 |
---------------+-------------+-----
Dodging        | 4 |  4.8
Short Blades   | 3 4 |  4.2
Fighting       | |  2.9
Stealth        | |  0.4
Invocations    | |  1.8

Action                   |  1- 3 |  4- 6 || total
-------------------------+-------+-------++-------
Melee: Short sword       |   158 |    60 ||   218
Invok: Depart the Abyss  |     1 |       ||     1
  Use: Potion            |       |     4 ||     4
 Stab: Sleeping          |       |     2 ||     2
Armor: Robe              |    11 |     2 ||    13
Dodge: Dodged            |   120 |    39 ||   159

Table legend:
 A = Non-vault XP
 B = Vault XP
 C = Vault XP percentage of total XP
 D = Non-vault monster count
 E = Vault monster count
 F = Vault count percentage of total count
                 A         B        C        D         E       F
            +---------+---------+-------+---------+---------+-------
      Total |     125 |      35 |  21.9 |      58 |       1 |   1.7
            +---------+---------+-------+---------+---------+-------
        D:1 |      52 |       0 |   0.0 |      29 |       0 |   0.0
        D:2 |      63 |      35 |  35.7 |      23 |       1 |   4.2
        D:3 |      10 |       0 |   0.0 |       6 |       0 |   0.0
            +---------+---------+-------+---------+---------+-------
